Map: Ulrena

Players

Sailed - Winner!

  • Race: Protoss Protoss
  • League: Platinum

LindyHop

  • Race: Zerg Zerg
  • League: Platinum

VOD

Have the link to the VOD?

Description

Time

  • Played on: Jan. 7, 2016, 4:57 p.m.
  • Length: 9:37
Show
View Real Time Build Order
Export as new Build Order

Sailed Protoss - Winner!

Build Orders:  

Get SALT Encoding   

  12  0:01  Probe (Chrono Boost)  
  13  0:12  Probe (Chrono Boost)  
  14  0:20  Pylon  
  14  0:24  Probe (Chrono Boost)  
  15  0:38  Probe (Chrono Boost)  
  15  0:40  Gateway  
  16  0:49  Probe (Chrono Boost)  
  17  0:52  Assimilator  
  17  0:55  Assimilator  
  17  0:59  Probe (Chrono Boost)  
  18  1:10  Probe (Chrono Boost)  
  19  1:22  Probe (Chrono Boost)  
  20  1:28  Cybernetics Core  
  20  1:30  Zealot  
  22  1:33  Pylon  
  22  1:41  Probe (Chrono Boost)  
  23  1:52  Probe (Chrono Boost)  
  24  2:02  Probe (Chrono Boost)  
  24  2:05  Warp Gate  
  25  2:09  Stalker  
  25  2:14  Mothership Core (Chrono Boost)  
  29  2:21  Gateway  
  29  2:22  Gateway  
  29  2:35  Pylon  
  27  2:51  Probe (Chrono Boost)  
  28  3:03  Gateway, Probe (Chrono Boost)  
  29  3:06  Gateway  
  29  3:08  Robotics Facility  
  29  3:11  Adept  
  31  3:23  Gateway  
  31  3:27  Pylon  
  31  3:43  Gateway, Probe (Chrono Boost)  
  32  3:55  Warp Prism  
  32  4:10  Adept x2  
  32  4:11  Adept  
  34  4:27  Adept  
  36  4:42  Pylon  
  36  4:45  Pylon  
  36  5:09  Zealot x5  
  36  5:10  Zealot  
  36  5:40  Observer  
  37  5:50  Nexus  
  37  5:51  Pylon  
  37  5:53  Pylon  
  37  6:00  Adept x2  
  41  6:05  Pylon  
  41  6:06  Probe (Chrono Boost)  
  42  6:23  Immortal  
  46  6:29  Adept  
  46  6:31  Probe (Chrono Boost)  
  49  6:51  Adept x3  
  49  6:53  Probe (Chrono Boost)  
  56  7:04  Probe (Chrono Boost)  
  57  7:09  Immortal  
  61  7:24  Probe (Chrono Boost)  
  61  7:27  Probe (Chrono Boost)  
  63  7:31  Robotics Bay  
  63  7:35  Probe (Chrono Boost)  
  64  7:38  Probe (Chrono Boost)  
  64  7:41  Pylon  
  65  7:45  Probe (Chrono Boost)  
  66  7:54  Sentry  
  66  7:55  Sentry x5  
  78  7:58  Adept  
  80  8:19  Assimilator  
  80  8:22  Assimilator  
  80  8:26  Pylon  
  78  8:28  Stalker x2  
  78  8:30  Gateway  
  82  8:48  Zealot x4  
  68  8:55  Probe x2 (Chrono Boost)  
  68  9:06  Probe x2 (Chrono Boost)  
  70  9:13  Zealot x4  
Show
View Real Time Build Order
Export as new Build Order

LindyHop Zerg 

Build Orders: Hatch First, Zergling Baneling 

Get SALT Encoding   

  12  0:01  Drone  
  13  0:12  Overlord  
  13  0:17  Drone  
  14  0:30  Drone x2  
  14  0:34  Drone  
  17  0:54  Hatchery  
  16  0:57  Drone  
  17  1:07  Extractor  
  17  1:08  Drone  
  17  1:16  Spawning Pool  
  16  1:20  Drone  
  16  1:25  Drone  
  18  1:30  Drone  
  19  1:39  Overlord  
  19  2:03  Queen  
  19  2:07  Extractor  
  20  2:11  Baneling Nest  
  19  2:20  Queen  
  21  2:25  Zergling x10  
  26  2:41  Metabolic Boost  
  25  2:53  Zergling x4  
  25  2:54  Zergling x2  
  25  2:55  Zergling x4  
  30  3:01  Spore Crawler  
  30  3:03  Drone  
  30  3:13  Overlord  
  30  3:29  Baneling x6  
  30  3:30  Baneling  
  30  3:32  Baneling  
  30  3:34  Baneling  
  30  3:35  Baneling  
  30  3:45  Spore Crawler  
  30  3:47  Zergling x2  
  30  3:53  Zergling x2  
  26  4:13  Zergling x4  
  26  4:14  Zergling x6  
  29  4:23  Drone x2  
  28  4:38  Spine Crawler  
  27  4:43  Zergling x6  
  30  4:48  Zergling x2  
  31  5:07  Spine Crawler  
  28  5:15  Zergling x12  
  30  5:31  Drone x4  
  34  5:41  Drone x3  
  37  5:51  Drone x2  
  39  6:02  Drone x3  
  42  6:06  Drone x2  
  43  6:14  Drone x2  
  43  6:18  Overlord  
  43  6:22  Lair  
  43  6:25  Extractor  
  42  6:27  Extractor  
  42  6:28  Drone  
  44  6:40  Drone x6  
  47  6:49  Roach Warren  
  47  6:51  Drone  
  47  6:52  Drone x3  
  50  6:55  Extractor  
  49  7:24  Drone  
  49  7:25  Drone, Spire  
  50  7:35  Hatchery  
  49  7:37  Overlord x3  
  49  7:38  Roach  
  51  8:05  Zergling x6  
  54  8:07  Zergling x4  
  54  8:08  Zergling x10  
  60  8:26  Baneling  
  58  8:27  Baneling x8  
  58  8:28  Baneling x8  
  51  8:46  Zergling x10  
  40  8:49  Zergling x2  
  40  8:52  Mutalisk  
  40  8:59  Mutalisk  
  42  9:03  Mutalisk  
  44  9:10  Baneling  
  42  9:28  Hatchery  
Tags
 
Add a new tag
Caveats
  • Supply blocks, unpowered buildings, or Contaminate may cause inaccurate times.
  • Supply counts are checked every 10 seconds.